Map: Lerilak Crest

Players

Eksit - Winner!

  • Race: Zerg Zerg

capac

  • Race: Terran Terran
  • League: Gold

VOD

Have the link to the VOD?

Description

Time

  • Played on: Dec. 1, 2015, 9:36 a.m.
  • Length: 14:29
Show
View Real Time Build Order
Export as new Build Order

Eksit Zerg - Winner!

Build Orders: Hatch First, Muta Ling Bane, Zergling Baneling 

Get SALT Encoding   

  12  0:01  Drone  
  13  0:12  Overlord  
  13  0:17  Drone  
  14  0:30  Drone x2  
  14  0:34  Drone  
  17  0:54  Hatchery  
  16  0:57  Drone  
  16  0:58  Drone  
  18  1:11  Spawning Pool  
  18  1:16  Extractor  
  18  1:17  Drone  
  17  1:20  Drone  
  18  1:28  Drone  
  19  1:39  Drone  
  20  1:54  Overlord  
  20  1:58  Queen  
  22  2:06  Queen  
  22  2:08  Zergling x4  
  26  2:12  Drone  
  27  2:16  Drone  
  27  2:22  Drone  
  29  2:27  Metabolic Boost  
  29  2:29  Zergling x2  
  30  2:37  Overlord  
  30  2:47  Zergling x2  
  30  2:49  Overlord  
  31  2:57  Queen  
  33  3:01  Extractor, Drone x2  
  33  3:02  Zergling x2  
  35  3:22  Lair  
  35  3:24  Baneling Nest, Zergling x8  
  35  3:25  Zergling x2  
  39  3:40  Zergling x4  
  41  3:42  Drone x2  
  41  3:44  Extractor, Drone x2  
  44  3:50  Overlord  
  44  4:03  Overlord  
  44  4:08  Drone x4  
  44  4:09  Drone  
  49  4:13  Baneling x3  
  49  4:23  Baneling x5  
  49  4:26  Overseer  
  49  4:31  Centrifical Hooks  
  49  4:34  Drone  
  49  4:37  Drone  
  49  4:51  Zergling x6  
  49  4:52  Zergling x6  
  51  4:57  Baneling x2  
  51  4:58  Zergling x4  
  53  5:04  Zergling x6  
  56  5:14  Overlord  
  56  5:23  Zergling x4  
  58  5:37  Drone x4  
  62  5:51  Drone  
  62  5:52  Drone x4  
  67  6:00  Baneling x6  
  67  6:01  Baneling  
  67  6:08  Hatchery  
  57  6:26  Zergling x4  
  57  6:27  Overlord  
  59  6:34  Extractor  
  59  6:35  Zergling x2  
  59  6:36  Overlord  
  59  6:43  Spire  
  59  6:44  Overseer  
  58  6:59  Overlord x2  
  58  7:01  Overlord  
  58  7:19  Overlord  
  58  7:21  Overlord  
  58  7:29  Overseer  
  58  7:45  Zergling x6  
  58  7:46  Zergling x2  
  63  7:54  Mutalisk x2  
  63  7:55  Mutalisk  
  63  7:56  Mutalisk x6  
  76  8:05  Mutalisk  
  76  8:19  Mutalisk  
  72  8:20  Mutalisk x4  
  82  8:38  Mutalisk x2  
  86  8:45  Mutalisk  
  89  9:02  Drone  
  89  9:03  Drone x6  
  95  9:10  Pneumatized Carapace  
  95  9:14  Mutalisk x2  
  97  9:59  Mutalisk x4  
  105  10:04  Overlord x5  
  105  10:12  Overlord  
  105  10:19  Overseer  
  105  10:21  Queen  
  105  10:25  Mutalisk x2  
  105  10:28  Zergling x6  
  114  10:38  Extractor  
  114  10:40  Extractor  
  114  10:41  Baneling x7  
  114  10:42  Baneling x3  
  112  10:57  Queen  
  112  11:02  Zergling x6  
  112  11:03  Zergling x2  
  118  11:04  Baneling x2  
  118  11:05  Baneling x7  
  118  11:06  Baneling  
  118  11:08  Zergling x12  
  118  11:09  Zergling x2  
  125  11:18  Evolution Chamber  
  124  11:19  Evolution Chamber  
  121  11:29  Zergling x10  
  126  11:43  Zergling x2  
  126  11:44  Zergling x16  
  133  11:48  Baneling x2  
  133  11:49  Baneling x8  
  133  11:50  Baneling x4  
  133  11:51  Zergling x4  
  135  11:55  Zerg Ground Armor Level 1  
  135  12:07  Zergling x8  
  90  12:44  Zergling x8  
  90  12:45  Zergling x8  
  96  12:54  Zergling x10  
  101  13:05  Zergling x6  
  104  13:15  Zergling x6  
  104  13:19  Baneling x7  
  105  13:20  Baneling  
  105  13:24  Drone x3  
  108  13:37  Infestation Pit  
  108  13:38  Queen  
  108  13:39  Zergling x14  
  108  13:40  Zergling x2  
  117  13:42  Baneling x5  
  117  13:45  Zergling x2  
Show
View Real Time Build Order
Export as new Build Order

capac Terran 

Build Orders: MMM Bio 

Get SALT Encoding   

  12  0:01  SCV  
  13  0:13  SCV  
  14  0:19  Supply Depot  
  14  0:25  SCV  
  15  0:40  SCV  
  16  0:43  Barracks  
  16  0:45  Refinery  
  16  0:52  SCV  
  17  1:04  SCV  
  18  1:23  SCV  
  19  1:34  Barracks Reactor  
  19  1:37  Command Center  
  19  1:39  SCV  
  20  1:48  Supply Depot  
  20  1:52  SCV  
  21  2:07  Orbital Command  
  21  2:10  Marine  
  21  2:11  Marine  
  23  2:25  Refinery  
  23  2:26  Factory  
  23  2:30  Marine x2  
  25  2:54  Bunker  
  25  2:57  Marine x2  
  27  2:59  SCV x2  
  29  3:08  Barracks  
  29  3:14  Orbital Command  
  29  3:31  SCV  
  32  3:34  Hellion x2  
  34  3:42  Supply Depot  
  34  3:43  SCV  
  34  3:44  SCV  
  34  3:47  Barracks Tech Lab  
  36  3:53  Starport  
  36  3:57  Hellion  
  36  4:02  Hellion  
  40  4:08  Stimpack  
  40  4:09  Barracks Reactor  
  40  4:16  Barracks  
  40  4:27  Widow Mine x2  
  40  4:28  SCV x2  
  40  4:29  Marine  
  47  4:40  SCV  
  47  4:41  SCV  
  49  4:50  Marine  
  49  4:51  Marine x2  
  44  4:55  Widow Mine  
  44  4:56  Widow Mine, Supply Depot  
  44  4:57  SCV x2  
  50  5:05  Starport Reactor  
  50  5:09  SCV x2  
  50  5:12  Marine x2, Barracks Reactor  
  54  5:18  Marauder  
  54  5:19  Supply Depot, Refinery  
  56  5:22  SCV x2  
  56  5:26  Widow Mine  
  56  5:27  Widow Mine  
  62  5:33  Liberator x2  
  62  5:54  SCV x2  
  70  6:00  Marine x4  
  70  6:01  Marauder  
  76  6:04  Supply Depot  
  76  6:33  Marine x2  
  76  6:34  Marine x2  
  76  6:35  Medivac x2  
  84  6:44  Barracks  
  84  6:47  Barracks  
  84  6:48  Barracks  
  84  6:49  Supply Depot, SCV x2  
  84  6:50  Barracks  
  86  7:01  Combat Shields  
  86  7:04  Widow Mine x2  
  86  7:06  SCV x2  
  92  8:18  Marine  
  92  8:19  Marine x3  
  84  8:20  Barracks Tech Lab, Barracks Reactor  
  84  8:22  Barracks Reactor x2  
  84  8:27  Marine, Liberator x2  
  84  8:29  Supply Depot  
  75  8:36  Marine  
  76  8:48  Engineering Bay  
  76  9:03  Marine x7  
  76  9:04  Marine x2  
  76  9:05  Marine  
  76  9:07  Marauder x2  
  90  9:13  Liberator x2  
  90  9:19  Engineering Bay  
  90  9:20  Marine x2  
  90  9:21  Marine x5  
  90  9:22  Marine x2, Missile Turret  
  90  9:23  Marine, Missile Turret  
  100  9:28  Marauder x2  
  108  9:35  Starport  
  105  9:38  Marine x3  
  105  9:39  Marine x4  
  105  9:40  Marine x2  
  104  10:03  SCV x2  
  104  10:05  Refinery  
  104  10:06  Marine  
  104  10:07  Marine x7, Missile Turret x2  
  107  10:08  Missile Turret  
  107  10:09  Marauder x2  
  107  10:12  Starport Reactor  
  118  10:15  SCV x2  
  120  10:24  Medivac x2  
  120  10:27  SCV  
  125  10:30  Marauder  
  125  10:35  Concussive Shells  
  127  10:39  Marauder  
  129  10:52  Marauder, Medivac x2  
  135  11:05  Medivac x2  
  139  11:23  Command Center  
  136  11:45  Marine  
  136  11:46  Marine x6  
  136  11:47  Marine x2  
  141  11:55  SCV  
  142  12:05  Supply Depot  
  142  12:08  Supply Depot  
  142  12:10  Marine x5  
  142  12:11  Marine, SCV  
  69  12:39  SCV x2  
  60  12:45  Marine x5  
  60  12:46  Marine x5  
  67  13:06  Marine x5  
  67  13:07  Marine x5  
  75  13:21  SCV x2  
  77  13:38  SCV x2  
  79  13:50  SCV  
  79  13:54  Command Center  
  56  14:09  Marine x4  
  44  14:10  Marine x3  
Tags
 
Add a new tag
Caveats
  • Supply blocks, unpowered buildings, or Contaminate may cause inaccurate times.
  • Supply counts are checked every 10 seconds.